AoeStats
← 寒魇

Arabia

517088409Analyzed
1v1 RM · 16d ago on Oct 29, 2026· 45m 15s· 2 players
Game mode
Random Map
Map size
Tiny (2 player)
Population
200
Speed
Normal
Resources
Standard
Victory
Conquest
Starting age
Dark Age
Ending age
Imperial Age
RankedLock teamsTeams togetherTeam positionsShared explorationLock speedFull tech treeHidden civsTurbo modeCheats
Victory
Defeat
🇨🇳 Chinese · China
1057
+17
vs
🇺🇸 Teutons · United States
1078
-17
寒魇
0:25 Loom
9:38 Feudal Age
11:04 Fletching
12:18 Double-Bit Axe
18:40 Wheelbarrow
22:07 Castle Age
20:39 Padded Archer Armor
20:37 Gold Mining
20:39 Horse Collar
22:11 Crossbowman
22:56 Thumb Ring
22:50 Bodkin Arrow
23:05 Forging
24:09 Bow Saw
24:02 Heavy Plow
25:21 Leather Archer Armor
31:41 Ballistics
32:16 Hand Cart
39:10 Imperial Age
37:20 Scale Barding Armor
37:17 Scale Mail Armor
37:42 Squires
37:28 Arson
38:56 Chain Mail Armor
40:11 Iron Casting
39:24 Heavy Rocket Cart
39:50 Elite Fire Lancer
40:51 Bracer
41:22 Plate Mail Armor
41:44 Gold Shaft Mining
41:06 Arbalester
42:20 Light Cavalry
43:11 Bloodlines
43:02 Husbandry
43:38 Conscription
44:58 Scale Barding Armor
45:25 Ring Archer Armor
45:55 Blast Furnace
44:29 Capped Ram
46:43 Chemistry
abhi120
9:59 Feudal Age
8:15 Loom
10:40 Double-Bit Axe
10:57 Horse Collar
14:17 Padded Archer Armor
17:52 Fletching
22:06 Castle Age
21:13 Bloodlines
21:51 Scale Barding Armor
23:08 Leather Archer Armor
23:54 Bodkin Arrow
25:16 Scale Mail Armor
26:03 Elite Skirmisher
29:25 Bow Saw
34:48 Imperial Age
40:51 Chemistry
40:02 Masonry
40:39 Wheelbarrow
40:01 Town Watch
40:41 Ballistics
40:30 Gold Mining
42:05 Ring Archer Armor
43:16 Conscription
43:17 Crenellations
Connection lost

Rejoining the realm…

Still unreachable

The connection could not be restored.

Session expired

The server has moved on; the page needs a fresh start.